 Dungeon Crawl Stone Soup version 0.20.1-1-g8b1a95d (webtiles) character file.

130 Supahsalami the Shooter (level 4, -2/37 HPs)
             Began as a Centaur Hunter on Nov 6, 2017.
             Slain by a centaur (6 damage)
             ... on level 3 of the Dungeon.
             The game lasted 00:12:22 (2105 turns).

Supahsalami the Shooter (Centaur Hunter)            Turns: 2105, Time: 00:12:23

Health: -2/37      AC:  6    Str: 14    XL:     4   Next: 89%
Magic:  4/4        EV:  8    Int: 10    God:
Gold:   65         SH:  0    Dex: 11    Spells: 3/3 levels left

rFire    . . .     SeeInvis .   a - +1 shortbow
rCold    . . .     Gourm    .   (shield currently unavailable)
rNeg     . . .     Faith    .   p - +0 ring mail
rPois    .         Spirit   .   (no helmet)
rElec    .         Reflect  .   q - +0 cloak
rCorr    .         Harm     .   (no gloves)
MR       .....                  (no barding)
Stlth    ..........             (no amulet)
Regen    0.2/turn               (no ring)
MPRegen  0.1/turn               (no ring)

@: very quick
A: hooves 3, deformed body, speed 2, tough skin 3
a: no special abilities


You were on level 3 of the Dungeon.
You were not hungry.

You visited 1 branch of the dungeon, and saw 4 of its levels.

You collected 65 gold pieces.

Inventory:

Hand Weapons
 a - a +1 shortbow (weapon)
 b - a +0 short sword
 k - a +0 dagger of speed
 n - a +1 dagger of electrocution
 u - a +2 whip of electrocution
 v - a cursed -3 dagger
Missiles
 d - 57 arrows (quivered)
 t - 5 javelins
 A - 24 bolts
 E - 5 tomahawks
Armour
 c - a +0 leather armour
 h - a cursed +0 chain mail
 l - a +0 shield
 p - a +0 ring mail (worn)
 q - a +0 cloak (worn)
 D - a +0 pair of gloves
Scrolls
 e - a scroll of fog {unknown}
 g - a scroll of fear {unknown}
 i - a scroll of random uselessness {unknown}
 m - 3 scrolls of identify {unknown}
 s - 2 scrolls of teleportation {unknown}
 x - a scroll of immolation {unknown}
 F - 3 scrolls of remove curse {unknown}
Potions
 o - a potion of might {unknown}
 r - a potion of haste {unknown}
 w - a potion of berserk rage {unknown}
 z - a potion of mutation {unknown}
 B - 2 potions of curing {unknown}
 G - a potion of lignification {unknown}
Books
 y - a book of Minor Magic

   Spells                             Type                      Level
   a - Magic Dart                     Conjuration                  1
   b - Blink                          Translocation                2
   c - Call Imp                       Summoning                    2
   d - Slow                           Hexes                        2
   e - Conjure Flame                  Conjuration/Fire             3
   f - Mephitic Cloud                 Conjuration/Poison/Air       3
 C - a book of Misfortune

   Spells                             Type                      Level
   a - Confusing Touch                Hexes                        1
   b - Confuse                        Hexes                        3
   c - Gell's Gravitas                Translocation                3
   d - Petrify                        Transmutation/Earth          4
   e - Metabolic Englaciation         Hexes/Ice                    5
   f - Yara's Violent Unravelling     Hexes/Transmutation          5
Comestibles
 f - 3 bread rations
 j - a meat ration


   Skills:
 + Level 2.8 Fighting
 + Level 7.4 Bows
 + Level 0.5 Armour
 + Level 1.5 Dodging
 + Level 0.5 Stealth


You had 3 spell levels left.
You didn't know any spells.

Dungeon Overview and Level Annotations

Branches:
Dungeon (4/15)
 Temple: D:4-7

Altars:
Makhleb


Innate Abilities, Weirdness & Mutations

You have hooves in place of feet.
Armour fits poorly on your strangely shaped body.
You cover ground very quickly.
You have extremely tough skin. (AC +3)


Message History

Firing (i - inventory. (,) - cycle):
d - 60 arrows (quivered)
Press: ? - help, Shift-Dir - straight line, f/p - centaur
Aim: a centaur, wielding a shortbow (lightly wounded)
You shoot an arrow. The arrow barely misses the centaur.
The centaur unwields an uncursed shortbow.
The centaur completely misses you.
Firing (i - inventory. (,) - cycle):
d - 59 arrows (quivered)
Press: ? - help, Shift-Dir - straight line, f/p - centaur
Aim: a centaur (lightly wounded)
You shoot an arrow. The arrow hits the centaur.
The centaur is moderately wounded.
The centaur hits you.
* * * LOW HITPOINT WARNING * * *
Firing (i - inventory. (,) - cycle):
d - 58 arrows (quivered)
Press: ? - help, Shift-Dir - straight line, f/p - centaur
Aim: a centaur (moderately wounded)
You shoot an arrow. The arrow hits the centaur.
The centaur is heavily wounded.
The centaur hits you.
You die...

.
#........'.....#
##...######.....#
.##...# #.....#
.....†# #.....# #
.##.^.# #.....#
.# ......#
#.....# ..
###..##
#..(..##.#.#
##...#
#.....c.((.#
##..##
#....@##.#.#
##..## .. #.....#
# .....# ..
####### .#...##.#
.........
........#
.....##.#
.....##.#
........# ##


You could see a centaur.

Vanquished Creatures
  A hound skeleton (D:4)
  A gnoll (D:1)
  3 adders
  An ooze (D:2)
  4 worms
  4 dart slugs (D:1)
  2 leopard geckos
  An orc (D:4)
  7 bats
  5 giant cockroaches
  3 goblins
  6 hobgoblins
  7 kobolds
  A quokka (D:3)
  A ball python (D:1)
  3 frilled lizards
  6 rats
56 creatures vanquished.

Vanquished Creatures (others)
  5 toadstools (D:1)
5 creatures vanquished.

Grand Total: 61 creatures vanquished

Notes
Turn   | Place    | Note
-------+----------+-------------------------------------------
     0 | D:1      | Supahsalami the Centaur Hunter began the quest for the Orb.
     0 | D:1      | Reached XP level 1. HP: 17/17 MP: 1/1
   129 | D:1      | Reached XP level 2. HP: 21/24 MP: 2/2
   184 | D:1      | Reached skill level 6 in Bows
   428 | D:1      | Reached XP level 3. HP: 29/29 MP: 3/3
  1605 | D:2      | Reached XP level 4. HP: 37/37 MP: 4/4
  1729 | D:2      | Found a burning altar of Makhleb.
  1823 | D:3      | Reached skill level 7 in Bows
  2079 | D:3      | Noticed a centaur
  2105 | D:3      | Slain by a centaur

Skill      XL: |  1  2  3  4 |
---------------+-------------+-----
Bows           | 6 7 |  7.4
Fighting       | |  2.8
Armour         | |  0.5
Dodging        | |  1.5
Stealth        | |  0.5

Action                   |  1- 3 |  4- 6 || total
-------------------------+-------+-------++-------
Melee: Whip              |       |     7 ||     7
       Kick              |       |     1 ||     1
 Fire: Shortbow          |   125 |    54 ||   179
Throw: Tomahawk          |       |     5 ||     5
  Eat: Chunk             |     1 |     1 ||     2
Armor: Ring mail         |     8 |     4 ||    12
       Leather armour    |     8 |       ||     8
Dodge: Dodged            |    21 |    14 ||    35
